 Dungeon Crawl Stone Soup version 0.30-a0-557-ge2afbf3030 (webtiles) character file.

Game seed: 14947670116216333238

32 bande the Trooper (level 3, -9/24 HPs)
             Began as a Gargoyle Fighter on Dec 28, 2022.
             Killed by divine providence
             ... invoked by an orc priest
              (15 damage)
             ... on level 2 of the Dungeon.
             The game lasted 00:02:41 (907 turns).

bande the Trooper (Gargoyle Fighter)                 Turns: 907, Time: 00:02:42

Health: -9/24      AC: 13    Str: 19    XL:     3   Next: 25%
Magic:  3/3        EV:  7    Int:  8    God:
Gold:   107        SH:  4    Dex: 11    Spells: 2/2 levels left

rFire   . . .      SeeInvis .    a - +0 war axe
rCold   . . .      Faith    .    c - +0 buckler
rNeg    + . .      Spirit   .    j - +0 chain mail
rPois   ∞          Reflect  .    (no helmet)
rElec   +          Harm     .    (no cloak)
rCorr   .          Rampage  .    (no gloves)
Will    +....                    b - +0 pair of boots Stlth
                                 (no amulet)
HPRegen 0.24/turn                e - ring of willpower
MPRegen 0.08/turn                (no ring)

@: no status effects
A: sickness immunity, AC +3, negative energy resistance 1, electricity
resistance, torment resistance 1, petrification resistance
a: no special abilities


You were on level 2 of the Dungeon.
You visited 1 branch of the dungeon, and saw 2 of its levels.

You collected 107 gold pieces.

Inventory:

Hand Weapons
 a - a +0 war axe (weapon)
Armour
 b - a +0 pair of boots (worn)
 c - a +0 buckler (worn)
 j - a +0 chain mail (worn)
Jewellery
 e - a ring of willpower (left hand)
Scrolls
 f - a scroll of poison
 i - a scroll of identify
Potions
 d - a potion of might
 g - a potion of curing
 h - a potion of brilliance
 k - a potion of ambrosia


   Skills:
 + Level 3.7 Fighting
 + Level 2.1 Axes
 + Level 3.5 Armour
 + Level 3.7 Shields


You had 2 spell levels left.
You didn't know any spells.
Your spell library was empty.

Dungeon Overview and Level Annotations

Branches:
Dungeon (2/15)

Altars:

Shops:
D:2 (


Innate Abilities, Weirdness & Mutations

You are immune to sickness and miasma.
Your stone body is resilient. (AC +3)
You are immune to poison.
You resist negative energy. (rN+)
You are resistant to electric shocks. (rElec)
You are resistant to unholy torment.
You are immune to petrification.


Message History

The orc shouts!
The orc priest shouts!
The orc shouts!
You hear a shout!
You block the orc's attack.
You barely miss the orc. The orc barely misses you.
You barely miss the orc. The orc barely misses you.
You closely miss the orc priest. You hit the orc.
The orc priest hits you with a +0 club. The orc hits you but does no damage. x2
The orc priest calls upon Beogh to heal the orc.
The orc's wounds heal themselves!
You hit the orc priest but do no damage.
You hit the orc. You barely miss the orc.
The orc priest calls down the wrath of Beogh upon you.
Beogh smites you!
Ouch! That really hurt!
The orc hits you but does no damage. x2
You are too injured to fight recklessly!
You are too injured to fight recklessly!
You are too injured to fight recklessly!
You are too injured to fight recklessly!
You are too injured to fight recklessly!
You are too injured to fight recklessly!
You are too injured to fight recklessly!
You are too injured to fight recklessly!
You are too injured to fight recklessly!
You hit the orc priest but do no damage.
You hit the orc. x2
You kill the orc!
You block the orc's attack. The orc priest barely misses you.
Unknown command.
You slash the orc priest!
The orc priest is heavily wounded.
You hit the orc.
The orc priest hits you but does no damage.
The orc hits you with a +0 club.
* * * LOW HITPOINT WARNING * * *
The orc priest mumbles some strange prayers to Beogh against you.
Beogh smites you!
Ouch! That really hurt!
You die...

.......# .......!
.#####.# ###.###. .#
#.# ##### #.# #. .#
#.# #... #.###. .#
###.### ##.## ......
.# #.....# ##...## ...
.#
#...[.#####.....###..
... .#
#[...................
##. .#
#.....#######@o####..#
#. .# #.....#
#oo.###..# #. (#
####### .........####
#. .# .......#.....#
## .# #.#...#.#..##.#
.# #.......#..##.# #
.###
#.......#..##.######
..)#######
#.......#..##.##....
#......... #o#...#
#..†.....###


You could see an orc priest and 2 orcs.

Vanquished Creatures
  A dart slug (D:2)
  An orc (D:2)
  3 ball pythons
  4 bats
  3 endoplasms
  A giant cockroach (D:2)
  A goblin (D:1)
  4 kobolds
  2 quokkas
  3 frilled lizards
  5 rats
28 creatures vanquished.

Notes
Turn   | Place    | Note
-------+----------+-------------------------------------------
     0 | D:1      | bande the Gargoyle Fighter began the quest for the Orb.
     0 | D:1      | Reached XP level 1. HP: 14/14 MP: 1/1
   126 | D:1      | Reached XP level 2. HP: 17/19 MP: 2/2
   668 | D:2      | Reached XP level 3. HP: 24/24 MP: 3/3
   715 | D:2      | Found Sojaq's Antique Weapon Boutique.
   907 | D:2      | Killed from afar by an orc priest

Illustrated notes

Levels and vault maps discovered:
D:1:      denvon_arrival_waterhouse, layout_rooms
D:2:      cheibrodos_pilgrimage, layout_loops_ring, serial_shops, shop_fountains

Skill      XL: |  1  2 |
---------------+-------+-----
Axes           | 2 |  2.1
Fighting       | |  3.7
Armour         | |  3.5
Shields        | |  3.7

Action                   || total
-------------------------++-------
Melee: War axe           ||    89
  Use: Scroll            ||     8
Armor: Scale mail        ||    23
       Chain mail        ||    60
Dodge: Dodged            ||    37
Block: Buckler           ||    27

Table legend: (Time is in decaauts)
 A = Elapsed time spent in this place.
 B = Non-inter-level travel time spent in this place.
 C = Inter-level travel time spent in this place.
 D = Time resting spent in this place.
 E = Time spent auto-exploring this place.
 F = Levels seen in this place.
 G = Mean time per level.
                   A        B        C        D        E       F      G
               +--------+--------+--------+--------+--------+-----+--------+
         Total |    945 |    945 |      0 |      0 |    651 |   2 |  472.5 |
       Dungeon |    945 |    945 |      0 |      0 |    651 |   2 |  472.5 |
               +--------+--------+--------+--------+--------+-----+--------+

Top non-repeatable levels by time:
     D:1: 537 daAuts
     D:2: 407 daAuts
